 Dungeon Crawl Stone Soup version 0.26-a0-6-g448add79b7 (webtiles) character file.

Game seed: 3776253248838069189, levelgen mode: deterministic

50 Napalmbreeze the Skirmisher (level 4, -2/39 HPs)
             Began as a Formicid Abyssal Knight on May 24, 2020.
             Was a Follower of Lugonu.
             Slain by Natasha (7 damage)
             ... on level 3 of the Dungeon.
             The game lasted 00:04:16 (1884 turns).

Napalmbreeze the Skirmisher (FoAK)                  Turns: 1884, Time: 00:04:17

Health: -2/39      AC:  3    Str: 17    XL:     4   Next: 4%
Magic:  5/5        EV: 11    Int: 12    God:    Lugonu [*.....]
Gold:   59         SH:  0    Dex: 10    Spells: 3/3 levels left

rFire    . . .     SeeInvis +   a - +1 falchion
rCold    . . .     Gourm    .   (no shield)
rNeg     . . .     Faith    .   b - +0 leather armour
rPois    .         Spirit   .   (helmet unavailable)
rElec    .         Reflect  .   (no cloak)
rCorr    .         Harm     .   (no gloves)
MR       .....                  (no boots)
Stlth    +.........             (no amulet)
HPRegen  0.13/turn              (no ring)
MPRegen  0.09/turn              (no ring)

@: no status effects
A: permanent stasis, dig shafts and tunnels, four strong arms, antennae 3
a: Dig, Shaft Self, Depart the Abyss, Renounce Religion


You were on level 3 of the Dungeon.
You worshipped Lugonu.
Lugonu was aware of your devotion.
You were not hungry.

You visited 1 branch of the dungeon, and saw 3 of its levels.
You visited the Abyss 1 time.

You collected 59 gold pieces.

Inventory:

Hand Weapons
 a - a +1 falchion (weapon)
Missiles
 e - 15 poisoned darts (quivered)
Armour
 b - a +0 leather armour (worn)
Scrolls
 f - a scroll of remove curse {unknown}
 g - 2 scrolls of teleportation {unknown}
 h - a scroll of amnesia {unknown}
 j - a scroll of enchant weapon {unknown}
Potions
 i - a potion of flight {unknown}
Comestibles
 c - 2 rations
 k - 6 chunks of flesh


   Skills:
 - Level 5.0 Fighting
 + Level 2.2 Long Blades
 - Level 2.1 Armour
 - Level 0.8 Dodging
 - Level 2.1 Invocations


You had 3 spell levels left.
You didn't know any spells.
Your spell library was empty.

Dungeon Overview and Level Annotations

Branches:
Dungeon (2/15)

Altars:

Annotations:
D:3 Natasha


Innate Abilities, Weirdness & Mutations

You cannot be hasted, slowed, berserked, paralysed or teleported.
You can dig through walls and to a lower floor.
Your four strong arms can wield two-handed weapons with a shield.
You have a pair of large antennae on your head. (SInv)


Message History

Natasha is moderately wounded.
Natasha barely misses you.
You hit Natasha.
Natasha is heavily wounded.
Natasha closely misses you.
You hit Natasha but do no damage.
Natasha is heavily wounded.
Natasha barely misses you.
You riposte.
You hit Natasha but do no damage.
Natasha is heavily wounded.
You slash Natasha!
Natasha is almost dead.
Natasha claws you!
You barely miss Natasha.
Natasha is almost dead.
Natasha claws you. Natasha claws you!
* * * LOW HITPOINT WARNING * * *
You hit Natasha but do no damage.
Natasha is almost dead.
Natasha claws you!
You die...

### { .. .#
###.######
..########.........
...........h.#
.....h..###@.#####
........+..........
........##........#
........##........#
.................(+
..###..###........#
. ... #.........
##.. #........#
#........


You could see Natasha.

Vanquished Creatures
  An adder (D:2)
  2 dart slugs (D:1)
  A leopard gecko (D:2)
  A ball python (D:3)
  A giant cockroach (D:3)
  3 goblins (D:1)
  4 hobgoblins
  4 jackals (D:1)
  5 kobolds (D:1)
  2 quokkas
  4 bats
  3 frilled lizards
  3 rats (D:1)
34 creatures vanquished.

Vanquished Creatures (others)
  A mana viper (Abyss:1)
1 creature vanquished.

Grand Total: 35 creatures vanquished

Notes
Turn   | Place    | Note
-------+----------+-------------------------------------------
     0 | Abyss:1  | Napalmbreeze the Formicid Abyssal Knight began the quest
                  | for the Orb.
     0 | Abyss:1  | Reached XP level 1. HP: 18/18 MP: 2/2
    52 | Abyss:1  | Killed a mana viper
    73 | Abyss:1  | Noticed a small abomination
    74 | D:1      | Escaped the Abyss
   203 | D:1      | Reached XP level 2. HP: 22/25 MP: 3/3
   336 | D:1      | Reached skill level 4 in Fighting
   719 | D:1      | Reached XP level 3. HP: 31/31 MP: 4/4
   749 | D:1      | Reached * piety under Lugonu
  1641 | D:2      | Reached skill level 5 in Fighting
  1763 | D:2      | Noticed a bullfrog
  1770 | D:2      | You fall into a shaft and drop 1 floor!
  1790 | D:3      | Noticed Natasha
  1791 | D:3      | Reached XP level 4. HP: 27/39 MP: 5/5
  1884 | D:3      | Slain by Natasha

Illustrated notes

Levels and vault maps discovered:
D:1:      psy_arrival_radial01, layout_basic, serial_bayou_lake_a
D:2:      layout_loops_ring
D:3:      layout_basic, uniq_natasha, uniq_robin

Skill      XL: |  1  2  3 |
---------------+----------+-----
Fighting       | 4 5 |  5.0
Long Blades    | |  2.2
Armour         | |  2.1
Dodging        | |  0.8
Invocations    | |  2.1

Action                   |  1- 3 |  4- 6 || total
-------------------------+-------+-------++-------
Melee: Falchion          |   102 |     7 ||   109
Throw: Dart              |     1 |       ||     1
Invok: Depart the Abyss  |     1 |       ||     1
 Abil: Shaft Self        |     1 |       ||     1
  Use: Potion            |     1 |       ||     1
  Eat: Chunk             |     3 |     1 ||     4
Armor: Leather armour    |    45 |       ||    45
Dodge: Dodged            |    76 |     6 ||    82
       Rpst.: Falchion   |    24 |     2 ||    26

Table legend:
 A = Non-vault XP
 B = Vault XP
 C = Vault XP percentage of total XP
 D = Non-vault monster count
 E = Vault monster count
 F = Vault count percentage of total count
                 A         B        C        D         E       F
            +---------+---------+-------+---------+---------+-------
      Total |      72 |       0 |   0.0 |      34 |       0 |   0.0
            +---------+---------+-------+---------+---------+-------
        D:1 |      40 |       0 |   0.0 |      23 |       0 |   0.0
        D:2 |      26 |       0 |   0.0 |       8 |       0 |   0.0
        D:3 |       6 |       0 |   0.0 |       3 |       0 |   0.0
            +---------+---------+-------+---------+---------+-------
